 Dungeon Crawl Stone Soup version 0.31-a0-102-g33a4ccc0cb (webtiles) character file.

Game seed: 3587908675783047855

3798 jlumianski the Cleaver (level 9, -5/70 HPs)
             Began as a Demonspawn Fighter on May 25, 2023.
             Was a Priest of Okawaru.
             Slain by a yak (7 damage)
             ... on level 8 of the Dungeon on May 27, 2023.
             The game lasted 00:32:54 (8374 turns).

jlumianski the Cleaver (Demonspawn Fighter)         Turns: 8374, Time: 00:32:55

Health: -5/70      AC: 17    Str: 20    XL:     9   Next: 96%
Magic:  9/9        EV:  7    Int: 10    God:    Okawaru [***...]
Gold:   374        SH:  5    Dex: 13    Spells: 8/8 levels left

rFire   . . .        a - +0 war axe (heavy)
rCold   . . .        c - +0 buckler
rNeg    . . .        L - +0 plate armour
rPois   +            (no helmet)
rElec   .            (no cloak)
rCorr   .            (no gloves)
SInv    .            (no boots)
Will    .....        (no amulet) Stlth
                     k - +4 ring of protection
HPRegen 0.31/turn    j - ring of poison resistance
MPRegen 0.11/turn

%: no passive effects
@: no status effects
A: claws 1, foul stench 2
a: Renounce Religion, Heroism


You were on level 8 of the Dungeon.
You worshipped Okawaru.
Okawaru was most pleased with you.
You visited 2 branches of the dungeon, and saw 11 of its levels.

You collected 374 gold pieces.

Inventory:

Hand Weapons
 a - a +0 heavy war axe (weapon)
 h - a +5 hand axe
 t - a +1 whip of freezing
 y - the +6 sling "Toasuanu" {freeze, Fragile rN+++ Int+5 Dex+3}
   (You found it on level 8 of the Dungeon)

   Int:       It affects your intelligence (+5).
   Dex:       It affects your dexterity (+3).
   rN:        It renders you almost immune to negative energy.
   Fragile:   It will be destroyed if unequipped.
Missiles
 e - 81 stones
 n - 6 curare-tipped darts
 v - 11 poisoned darts (quivered)
 C - 10 boomerangs
 H - 3 throwing nets
Armour
 b - a +0 scale mail
 c - a +0 buckler (worn)
 o - a +1 chain mail
 I - a +0 hat
 L - a +0 plate armour (worn)
Jewellery
 i - a ring of resist corrosion
 j - a ring of poison resistance (right claw)
 k - a +4 ring of protection (left claw)
 l - a ring of ice
 K - a ring of wizardry
Wands
 D - a wand of flame (45)
 F - a wand of roots (17)
 G - a wand of paralysis (11)
 J - a wand of quicksilver (4)
Scrolls
 g - a scroll of noise
 q - 2 scrolls of teleportation
 u - a scroll of brand weapon
 w - 2 scrolls of enchant armour
 x - 3 scrolls of immolation
 M - a scroll of fog
Potions
 d - 2 potions of might
 f - 2 potions of degeneration
 m - 2 potions of mutation
 p - 2 potions of attraction
 r - a potion of curing
 s - a potion of brilliance
 z - a potion of cancellation
 A - a potion of heal wounds
 B - 2 potions of lignification
 E - a potion of enlightenment {unknown}


   Skills:
 + Level 6.3 Fighting
 + Level 8.7 Axes
 + Level 0.8 Throwing
 + Level 7.0 Armour
 + Level 2.8 Dodging
 + Level 1.3 Stealth
 + Level 5.0 Shields


You had 8 spell levels left.
You didn't know any spells.
Your spell library contained the following spells:

 Spells                   Type           Power      Damage    Failure   Level
 Magic Dart               Conj           0%         1d3       100%        1
 Ensorcelled Hibernation  Hex/Ice        0%         N/A       100%        2
 Searing Ray              Conj           0%         2d4       100%        2
 Ozocubu's Armour         Ice            0%         N/A       100%        3
 Portal Projectile        Hex/Tloc       0%         N/A       100%        3
 Volatile Blastmotes      Fire/Tloc      0%         2d10      100%        3
 Fulminant Prism          Conj/Hex       0%         3d5       100%        4
 Iskenderun's Mystic Bla  Conj/Tloc      0%         2d3       100%        4
 Blade Hands              Tmut           0%         N/A       100%        5
 Borgnjor's Vile Clutch   Necr/Erth      0%         N/A       100%        5
 Lee's Rapid Deconstruct  Erth           0%         3d4*      100%        5
 Ozocubu's Refrigeration  Ice            0%         4d7       100%        7
 Death's Door             Necr           0%         N/A       100%        9
 Tukima's Dance           Hex            Unusable   N/A       N/A         3

Dungeon Overview and Level Annotations

Branches:
Dungeon (10/15)            Temple (1/1) D:6
   Lair: D:8-11         Orc: D:9-12

Altars:
Ashenzari
Dithmenos
Fedhas
Gozag
Hepliaklqana
Kikubaaqudgha
Makhleb
Nemelex Xobeh
Okawaru
Ru
Sif Muna
Trog
Vehumet
Wu Jian
Yredelemnul


Innate Abilities, Weirdness & Mutations

You have sharp fingernails.
You sometimes emit foul miasma when damaged in melee.


Message History

The yak is engulfed in dark miasma.
The yak is poisoned.
The yak seems to slow down.
The yak gores you.
You hit the yak.
The yak is almost dead.
The yak is no longer moving slowly.
You kill the yak!
Okawaru accepts your kill. The yak gores you. x2
You see here a yak corpse.
The yak attacks as you move away! The yak barely misses you.
There is a stone staircase leading down, spattered with blood here.
The yak gores you but does no damage.
There is a stone staircase leading down, spattered with blood here.
You completely miss the yak. The yak gores you.
You barely miss the yak. The yak gores you! The yak gores you.
You barely miss the yak. The yak gores you!
* * * LOW HITPOINT WARNING * * *
The yak gores you but does no damage.
You barely miss the yak. The yak gores you but does no damage.
There is a stone staircase leading up here.
You climb upwards.
There is a stone staircase leading down here.
You barely miss the yak. The yak gores you!
* * * LOW HITPOINT WARNING * * *
The yak gores you!
* * * LOW HITPOINT WARNING * * *
You slash the yak!
The yak is moderately wounded.
The yak gores you but does no damage.
You slash the yak!
The yak is severely wounded.
The yak closely misses you. The yak gores you.
* * * LOW HITPOINT WARNING * * *
You slash the yak!
The yak is almost dead.
The yak gores you but does no damage.
You completely miss the yak.
The yak is almost dead.
The yak gores you but does no damage. The yak gores you!
You die...

#.....§.# #.....§§# ####.§§§§##
....§.§§§### .##.§.§§§§§########
### ......§§§§§.......#### ..###
..#...§§§§§######....####....
.......§§#...#..Y..........# #
........####.#..@.....##...# .#
.......## .#........##...###.#
......†## #.................#
........# #..........#........#
........##............#........#
.........#.##...#######........#
.......#...#..#. ##.#.##.##
......###.#..##.# ##.#....#
.......#....###.# #..#....#


You could see a yak.

Vanquished Creatures
  Pikel (D:6)
  Prince Ribbit (D:7)
  3 yaks (D:9)
  Duvessa (D:5)
  A water moccasin (Temple)
  An ice beast (D:5)
  An orc warrior (D:8)
  2 lemures (D:6)
  4 centaurs
  A phantom (D:4)
  Blork the orc (D:5)
  A gnoll sergeant (D:7)
  3 bullfrogs
  4 wights
  Dowan (D:5)
  6 killer bees
  5 howler monkeys
  A hound (D:6)
  4 jellies
  3 orc priests
  2 gnoll boudas (D:7)
  2 sleepcaps
  Jessica (D:2)
  3 iguanas
  2 orc wizards
  24 gnolls
  An adder (D:4)
  4 river rats (D:6)
  A white imp (D:5)
  An ufetubus (Temple)
  2 worms
  4 dart slugs
  28 orcs
  7 bats
  7 endoplasms
  10 giant cockroaches
  7 hobgoblins
  7 jackals
  5 quokkas
  5 ball pythons
  6 goblins
  6 kobolds
  3 rats
183 creatures vanquished.

Vanquished Creatures (others)
  A butterfly (D:3)
1 creature vanquished.

Grand Total: 184 creatures vanquished

Notes
Turn   | Place    | Note
-------+----------+-------------------------------------------
     0 | D:1      | jlumianski the Demonspawn Fighter began the quest for the
                  | Orb.
     0 | D:1      | Reached XP level 1. HP: 18/18 MP: 1/1
   156 | D:1      | Reached skill level 2 in Axes
   156 | D:1      | Gained mutation: You may rarely emit foul miasma when
                  | damaged in melee. [demonic ancestry]
   156 | D:1      | Reached XP level 2. HP: 24/24 MP: 2/2
   257 | D:1      | Found a faded altar of an unknown god.
   644 | D:2      | Reached XP level 3. HP: 29/29 MP: 3/3
  1184 | D:3      | Found a faded altar of an unknown god.
  1244 | D:3      | Found a shimmering blue altar of Sif Muna.
  1315 | D:3      | Reached XP level 4. HP: 34/35 MP: 4/4
  1362 | D:3      | Reached skill level 3 in Axes
  1365 | D:3      | Upgraded the game from 0.31-a0-95-g6fa058ef04 to
                  | 0.31-a0-102-g33a4ccc0cb
  1574 | D:3      | Noticed Jessica
  1584 | D:2      | Killed Jessica
  2295 | D:3      | Gained mutation: You have sharp fingernails. [demonic
                  | ancestry]
  2295 | D:3      | Reached XP level 5. HP: 25/42 MP: 5/5
  2590 | D:5      | Entered Level 5 of the Dungeon
  2651 | D:4      | Reached skill level 4 in Axes
  2663 | D:4      | Reached skill level 1 in Dodging
  2696 | D:5      | Gained mutation: You sometimes emit foul miasma when
                  | damaged in melee. [demonic ancestry]
  2696 | D:5      | Reached XP level 6. HP: 13/48 MP: 6/6
  3307 | D:5      | Noticed Dowan
  3308 | D:5      | Noticed Duvessa
  3353 | D:5      | Killed Duvessa
  3354 | D:5      | Reached skill level 5 in Axes
  3354 | D:5      | Reached XP level 7. HP: 38/55 MP: 7/7
  3582 | D:5      | Killed Dowan
  3743 | D:6      | Found a staircase to the Ecumenical Temple.
  3752 | Temple   | Entered the Ecumenical Temple
  3899 | Temple   | Became a worshipper of Warmaster Okawaru
  4138 | D:6      | Reached skill level 5 in Armour
  4142 | D:6      | Reached XP level 8. HP: 23/61 MP: 8/8
  4714 | D:5      | Reached skill level 5 in Fighting
  4867 | D:5      | Noticed Blork the orc
  4872 | D:5      | Killed Blork the orc
  4872 | D:5      | Reached * piety under Okawaru
  4873 | D:5      | Reached skill level 6 in Axes
  5721 | D:7      | Noticed Pikel
  5755 | D:6      | Killed Pikel
  5756 | D:6      | Reached skill level 7 in Axes
  5777 | D:7      | Got Butecakk's Commentary on the Deathly Fair Folk
  5922 | D:7      | Reached ** piety under Okawaru
  6114 | D:7      | Reached XP level 9. HP: 30/69 MP: 9/9
  6472 | D:8      | Found a radiant altar of Vehumet.
  6969 | D:8      | Identified the +6 sling "Toasuanu" {freeze, Fragile rN+++
                  | Int+5 Dex+3}
  6997 | D:8      | Found a sacrificial altar of Ru.
  7158 | D:7      | Found a faded altar of an unknown god.
  7199 | D:7      | Reached skill level 8 in Axes
  7216 | D:7      | Found a hazy altar of Hepliaklqana.
  7216 | D:7      | Found a faded altar of an unknown god.
  7525 | D:7      | Noticed Prince Ribbit
  7564 | D:7      | Killed Prince Ribbit
  7995 | D:8      | Found an opulent altar of Gozag.
  8017 | D:8      | Reached *** piety under Okawaru
  8305 | D:10     | Entered Level 10 of the Dungeon
  8346 | D:9      | Reached skill level 5 in Shields
  8355 | D:9      | Reached skill level 1 in Stealth
  8370 | D:8      | HP: 2/70 [yak (8)]
  8374 | D:8      | Slain by a yak

Illustrated notes

Levels and vault maps discovered:
D:1:      ncdulo_lavacross, layout_rooms, chequers_ecumenical_altar_simple
D:2:      minmay_angry_zag, layout_loops_cross
D:3:      layout_loops_ring, nicolae_overflow_ecumenical_swirl,
          nicolae_elyvilon_peaceful_grove, uniq_jessica
D:4:      layout_rooms
D:5:      layout_basic, uniq_duvessa, uniq_blork_the_orc
D:6:      layout_cave_pools, minmay_temple_entry_junction_2,
          gup_sewer_entry_spiral
D:7:      layout_loops_ring, nicolae_hepliaklqana_ecumenical_no_more,
          uniq_prince_ribbit1, uniq_pikel
D:8:      layout_rooms, vehumet_crystals, overflow_temple_1_default,
          nicolae_ru_awakened_eye
D:9:      gammafunk_indiana_jones, layout_stronghold, doesnt_xom_only_xom,
          nicolae_uskayaw_dance_hall, minmay_lair_entry_grove
D:10:     layout_loops_ring, lemuel_crystal_altar,
          nicolae_overflow_hidden_temple, dreamdust_gnoll_shepherd
Temple:   nicolae_temple_bog_church

Skill      XL: |  1  2  3  4  5  6  7  8  9 |
---------------+----------------------------+-----
Axes           | 2 3 4 5 7 8 |  8.7
Armour         | 3 5 7 |  7.0
Shields        | 3 4 5 |  5.0
Fighting       | 4 5 6 |  6.3
Dodging        | 1 2 |  2.8
Stealth        | 1 |  1.3
Throwing       | |  0.8

Action                     |  1- 3 |  4- 6 |  7- 9 || total
---------------------------+-------+-------+-------++-------
  Melee: War axe           |   113 |   192 |   340 ||   645
  Throw: Dart              |       |     5 |     5 ||    10
         Stone             |       |       |     1 ||     1
         Throwing net      |       |       |     1 ||     1
 Invoke: Heroism           |       |       |     1 ||     1
  Evoke: Wand              |       |       |     6 ||     6
    Use: Scroll            |       |     5 |    10 ||    15
         Potion            |       |       |     7 ||     7
 Armour: Scale mail        |    56 |       |       ||    56
         Chain mail        |    27 |   129 |   298 ||   454
         Plate armour      |       |       |    17 ||    17
  Dodge: Dodged            |    51 |    73 |   214 ||   338
  Block: Buckler           |    29 |    45 |   141 ||   215

Table legend: (Time is in decaauts)
 A = Elapsed time spent in this place.
 B = Non-inter-level travel time spent in this place.
 C = Inter-level travel time spent in this place.
 D = Time resting spent in this place.
 E = Time spent auto-exploring this place.
 F = Levels seen in this place.
 G = Mean time per level.
                   A        B        C        D        E       F      G
               +--------+--------+--------+--------+--------+-----+--------+
         Total |   8797 |   8513 |    284 |   1050 |   4041 |  11 |  799.7 |
       Dungeon |   8620 |   8336 |    284 |   1050 |   4041 |  10 |  862.0 |
        Temple |    177 |    177 |      0 |      0 |      0 |   1 |  177.0 |
               +--------+--------+--------+--------+--------+-----+--------+

Top non-repeatable levels by time:
     D:7: 1903 daAuts
     D:6: 1547 daAuts
     D:3: 1043 daAuts
     D:5: 999 daAuts
     D:4: 972 daAuts
     D:2: 789 daAuts
     D:8: 611 daAuts
     D:1: 599 daAuts
  Temple: 177 daAuts
     D:9: 153 daAuts
    D:10: 1 daAuts
